 Dungeon Crawl Stone Soup version 0.30-a0-364-gf6b3ef1049 (webtiles) character file.

Game seed: 7385844701443695069

74 greasedhog the Trooper (level 4, 0/37 HPs)
             Began as a Merfolk Fighter on Nov 16, 2022.
             Slain by a hobgoblin (2 damage)
             ... led by Robin
             ... on level 2 of the Dungeon.
             The game lasted 00:01:37 (1639 turns).

greasedhog the Trooper (Merfolk Fighter)            Turns: 1639, Time: 00:01:37

Health: 0/37       AC:  6    Str: 18    XL:     4   Next: 30%
Magic:  4/4        EV:  9    Int:  7    God:
Gold:   161        SH:  5    Dex: 13    Spells: 3/3 levels left

rFire   . . .      SeeInvis .    a - +0 trident
rCold   . . .      Faith    .    c - +0 buckler
rNeg    . . .      Spirit   .    b - +0 scale mail
rPois   .          Reflect  .    (no helmet)
rElec   .          Harm     .    (no cloak)
rCorr   .          Rampage  .    (no gloves)
Will    .....                    (no boots)
Stlth   ..........               (no amulet)
HPRegen 0.26/turn                (no ring)
MPRegen 0.09/turn                (no ring)

@: no status effects
A: (nimble swimmer 2), mertail
a: no special abilities


You were on level 2 of the Dungeon.
You visited 1 branch of the dungeon, and saw 3 of its levels.

You collected 161 gold pieces.

Inventory:

Hand Weapons
 a - a +0 trident (weapon)
Armour
 b - a +0 scale mail (worn)
 c - a +0 buckler (worn)
Jewellery
 i - a ring of ice
Scrolls
 f - a scroll of teleportation
 g - a scroll of enchant armour {unknown}
 h - a scroll of noise {unknown}
 l - a scroll of butterflies
Potions
 d - a potion of might
 e - a potion of resistance {unknown}
 k - a potion of heal wounds {unknown}
 m - a potion of mutation {unknown}


   Skills:
 * Level 3.9 Fighting
 * Level 3.7 Polearms
 * Level 2.6 Armour
 * Level 3.6 Shields


You had 3 spell levels left.
You didn't know any spells.
Your spell library contained the following spells:

 Spells                   Type           Power      Damage    Failure   Level
 Portal Projectile        Hex/Tloc       0%         N/A       99%         3
 Tukima's Dance           Hex            0%         N/A       99%         3
 Blade Hands              Tmut           0%         N/A       100%        5


Dungeon Overview and Level Annotations

Branches:
Dungeon (3/15)

Altars:

Annotations:
D:2 Robin


Innate Abilities, Weirdness & Mutations

((You are very nimble when in or above water. (Stealth+, EV+, Speed+++)))
Your lower body shifts to a powerful aquatic tail in water.


Message History

You start resting.
HP restored.
You climb downwards.
Level annotation: Robin Robin roars a battlecry!
The goblins go into a battle-frenzy!
The hobgoblin barely misses you.
There is a stone staircase leading up, spattered with blood here.
Robin zaps a wand.
The bolt of dispelling energy hits you! The hobgoblin hits you.
You climb upwards.
There is a stone staircase leading down here.
The hobgoblin attacks as you move away! The hobgoblin hits you.
Robin closely misses you.
You hit Robin.
Robin is heavily wounded.
The hobgoblin closely misses you. Robin closely misses you.
You hit Robin.
Robin is heavily wounded.
The hobgoblin hits you but does no damage.
Robin barely misses you.
You hit Robin.
Robin is almost dead.
You block the hobgoblin's attack. Robin closely misses you.
You hit Robin but do no damage.
Robin is almost dead.
The hobgoblin hits you.
* * * LOW HITPOINT WARNING * * *
Robin drinks a potion.
Robin is healed!
The hobgoblin closely misses you.
Robin zaps a wand.
The bolt of dispelling energy hits you.
* * * LOW HITPOINT WARNING * * *
You hit Robin but do no damage.
Robin is heavily wounded.
The hobgoblin hits you.
* * * LOW HITPOINT WARNING * * *
You block Robin's attack.
You puncture Robin!
Robin is almost dead.
The hobgoblin hits you.
You die...

........##### #........#
............# #.######.#
........###.# #.#....#.#
.......>....# #.#.##.#.#
.........##########.#..#.#.#
.....).................#...#
..................#.########
.........########.#.....#
...............g@....##.#
#...........##!g#.##.##.#
#...........#<........#.#
#...........#..)..##..#.#
....#....##.#....<....#.#
##.########.#...##.#.##.##
...#........#......#.....#
####.#....####..##########
.....#....# #.........#


You could see Robin and a hobgoblin (strong).

Vanquished Creatures
  2 adders (D:2)
  2 dart slugs
  An orc (D:3)
  3 ball pythons
  2 bats (D:1)
  5 endoplasms
  4 giant cockroaches (D:1)
  11 goblins
  3 hobgoblins
  2 quokkas
  6 frilled lizards
  3 kobolds (D:2)
  3 rats
47 creatures vanquished.

Vanquished Creatures (others)
  A hobgoblin (D:3)
1 creature vanquished.

Grand Total: 48 creatures vanquished

Notes
Turn   | Place    | Note
-------+----------+-------------------------------------------
     0 | D:1      | greasedhog the Merfolk Fighter began the quest for the Orb.
     0 | D:1      | Reached XP level 1. HP: 18/18 MP: 1/1
    52 | D:1      | Reached XP level 2. HP: 20/24 MP: 2/2
   428 | D:1      | Reached XP level 3. HP: 29/29 MP: 3/3
   706 | D:2      | Found a faded altar of an unknown god.
  1215 | D:2      | Reached XP level 4. HP: 22/37 MP: 4/4
  1421 | D:3      | Noticed Robin
  1639 | D:2      | Slain by a hobgoblin

Illustrated notes

Levels and vault maps discovered:
D:1:      amcnicky_arrival_underground_garden, layout_loops_ring
D:2:      layout_basic, hellmonk_ecumenical_altar_run_dry
D:3:      layout_loops_ring, uniq_robin

Skill      XL: |  1 |
---------------+----+-----
Polearms       | 3 |  3.7
Fighting       | |  3.9
Armour         | |  2.6
Shields        | |  3.6

Action                   |  1- 3 |  4- 6 || total
-------------------------+-------+-------++-------
Melee: Trident           |   108 |    37 ||   145
  Use: Scroll            |     1 |     1 ||     2
Armor: Scale mail        |    35 |    12 ||    47
Dodge: Dodged            |    28 |    27 ||    55
Block: Buckler           |    21 |     9 ||    30

Table legend: (Time is in decaauts)
 A = Elapsed time spent in this place.
 B = Non-inter-level travel time spent in this place.
 C = Inter-level travel time spent in this place.
 D = Time resting spent in this place.
 E = Time spent auto-exploring this place.
 F = Levels seen in this place.
 G = Mean time per level.
                   A        B        C        D        E       F      G
               +--------+--------+--------+--------+--------+-----+--------+
         Total |   1666 |   1635 |     31 |    167 |   1177 |   3 |  555.3 |
       Dungeon |   1666 |   1635 |     31 |    167 |   1177 |   3 |  555.3 |
               +--------+--------+--------+--------+--------+-----+--------+

Top non-repeatable levels by time:
     D:2: 894 daAuts
     D:1: 718 daAuts
     D:3: 53 daAuts
